 Dungeon Crawl Stone Soup version 0.24-a0-115-gd155597332 (webtiles) character file.

Game seed: 13107705219685201145

173 Morbidden the Insei (level 5, 0/42 HPs)
             Began as a Vine Stalker Monk on Feb 17, 2019.
             Succumbed to a kobold's poison
             ... on level 3 of the Dungeon.
             The game lasted 00:04:15 (2346 turns).

Morbidden the Insei (Vine Stalker Monk)             Turns: 2346, Time: 00:04:15

Health: 0/42       AC: 22    Str: 13    XL:     5   Next: 53%
Magic:  5/8        EV:  2    Int: 16    God:
Gold:   158        SH:  0    Dex: 22    Spells: 6/6 levels left

rFire    + . .     SeeInvis .     - Unarmed
rCold    . . .     Gourm    .   (no shield)
rNeg     + + +     Faith    +   (armour currently unavailable)
rPois    +         Spirit   +   (helmet currently unavailable)
rElec    .         Reflect  .   (cloak currently unavailable)
rCorr    .         Harm     .   (gloves currently unavailable)
MR       .....     NoTele   +   (boots currently unavailable)
Stlth    ++++......             i - amulet of faith
HPRegen  0.54/turn              m - ring of protection from fire
MPRegen  0.11/turn              (no ring)

@: brilliant, agile, lethally poisoned (0 -> -1), tree-form
A: regeneration 1, magic shield, no potion heal 3, rot immunity
a: no special abilities


You were on level 3 of the Dungeon.
You were not hungry.
You were a tree.
You visited 1 branch of the dungeon, and saw 3 of its levels.

You collected 158 gold pieces.

Inventory:

Armour
 a - a +0 robe (melded)
Jewellery
 i - an amulet of faith (around neck)
 m - a ring of protection from fire (left branch)
Scrolls
 c - 2 scrolls of teleportation
 d - 3 scrolls of identify
 f - 3 scrolls of remove curse {unknown}
 j - a scroll of magic mapping {unknown}
 l - a scroll of fog {unknown}
 o - a scroll of fear {unknown}
Potions
 h - a potion of flight
Comestibles
 b - 6 rations
 n - a chunk of flesh


   Skills:
 * Level 3.2 Fighting
 + Level 2.8 Dodging
 + Level 3.3 Stealth
 * Level 4.8 Unarmed Combat
 * Level 1.3 Spellcasting


You had 6 spell levels left.
You didn't know any spells.
Your spell library was empty.

Dungeon Overview and Level Annotations

Branches:
Dungeon (3/15)

Altars:


Innate Abilities, Weirdness & Mutations

((You have extremely sharp teeth.))
Your natural rate of healing is unusually fast.
When hurt, damage is shared between your health and your magic reserves.
((Your bite disrupts and absorbs the magic of your enemies.))
Potions cannot restore your health.
You are immune to rotting.


Message History

You cannot move.
Unknown command.
Unknown command.
You barely miss the rat.
* * * LOW HITPOINT WARNING * * *
You feel sick. The rat bites you but does no damage.
Unknown command.
Unknown command.
You smack the rat!
You kill the rat!
* * * LOW HITPOINT WARNING * * *
You feel sick.
Unknown command.
You cannot move.
Unknown command.
Sorry, you're not good enough to have a special ability.
Unknown command.
Okay, then.
Unknown command.
You die...

.# #..8...# ###.####...... .
#.....## #.....##...... #.
#..(..# #.....##.....>
####.####....####..8..##......
#......##.##....#.....##......
#....!.#####.......##......
..##..(..............##......
......#(.######......###......
###.#....)(.)♣................
# #..#.######...).#.........
#..#.... #.....[.........
.....r.... ##..............
........../#...............#.#
............##.8P..........###
....r.......##....(........###
§.§.≈.....###........†...#..
#..8.#####......


There were no monsters in sight!

Vanquished Creatures
  2 centaur skeletons (D:3)
  4 adders
  An ooze (D:3)
  An adder skeleton (D:3)
  A worm (D:2)
  2 dart slugs
  4 leopard geckos
  An orc (D:3)
  3 giant cockroaches
  8 goblins
  7 hobgoblins
  4 jackals (D:1)
  3 quokkas (D:2)
  A ball python (D:2)
  7 bats
  A frilled lizard (D:2)
  4 kobolds
  A leopard gecko skeleton (D:3)
  7 rats
62 creatures vanquished.

Notes
Turn   | Place    | Note
-------+----------+-------------------------------------------
     0 | D:1      | Morbidden the Vine Stalker Monk began the quest for the
                  | Orb.
     0 | D:1      | Reached XP level 1. HP: 11/11 MP: 2/2
    55 | D:1      | Reached XP level 2. HP: 15/16 MP: 3/3
   728 | D:1      | Reached XP level 3. HP: 19/19 MP: 4/4
  1801 | D:2      | Gained mutation: Your natural rate of healing is unusually
                  | fast. [Vine Stalker growth]
  1801 | D:2      | Reached XP level 4. HP: 6/24 MP: 6/6
  1849 | D:2      | Reached skill level 4 in Unarmed Combat
  2101 | D:3      | Reached skill level 1 in Spellcasting
  2213 | D:3      | Reached XP level 5. HP: 23/28 MP: 4/7
  2340 | D:3      | HP: 2/42 [poisoned by a kobold]
  2345 | D:3      | HP: 1/42 [poisoned by a kobold]
  2346 | D:3      | Succumbed to a kobold's poison

Levels and vault maps discovered:
D:1:      ncdulo_halloftheorcs, layout_basic
D:2:      layout_basic
D:3:      layout_rooms, first_ration, serial_undead, serial_undead_a,
          serial_undead_d, serial_undead_f, serial_undead_e, serial_undead_b,
          serial_undead_d, serial_undead_b, serial_undead_c, serial_undead_c,
          serial_undead_c

Skill      XL: |  1  2  3  4 |
---------------+-------------+-----
Fighting       | 3 |  3.2
Stealth        | 3 |  3.3
Unarmed Combat | 4 |  4.8
Spellcasting   | 1 |  1.3
Dodging        | |  2.8

Action                   |  1- 3 |  4- 6 || total
-------------------------+-------+-------++-------
Melee: Unarmed           |   117 |    93 ||   210
       Bite              |    24 |    29 ||    53
       Punch             |     1 |     2 ||     3
  Use: Potion            |       |     4 ||     4
       Scroll            |       |     2 ||     2
 Stab: Sleeping          |     7 |     4 ||    11
  Eat: Chunk             |     2 |     3 ||     5
Armor: Robe              |    19 |    14 ||    33
       Skin              |       |     7 ||     7
Dodge: Dodged            |    83 |    77 ||   160

Table legend:
 A = Non-vault XP
 B = Vault XP
 C = Vault XP percentage of total XP
 D = Non-vault monster count
 E = Vault monster count
 F = Vault count percentage of total count
                 A         B        C        D         E       F
            +---------+---------+-------+---------+---------+-------
      Total |     158 |      90 |  36.3 |      58 |       4 |   6.5
            +---------+---------+-------+---------+---------+-------
        D:1 |      37 |       0 |   0.0 |      19 |       0 |   0.0
        D:2 |      78 |       0 |   0.0 |      24 |       0 |   0.0
        D:3 |      43 |      90 |  67.7 |      15 |       4 |  21.1
            +---------+---------+-------+---------+---------+-------
